AoeStats
← Belgistanis

Arabia

507088968Analyzed
2v2 RM · 15d ago on Sep 16, 2026· 74m 39s· 4 players
Game mode
Random Map
Map size
Medium (4 player)
Population
200
Speed
Normal
Resources
Standard
Victory
Conquest
Starting age
Dark Age
Ending age
Imperial Age
RankedLock teamsTeams togetherTeam positionsShared explorationLock speedFull tech treeHidden civsTurbo modeCheats
Victory
Defeat
🇦🇹 Berbers · Austria
1277
+14
🇫🇷 Saracens · France
1230
+15
🇩🇪 Burgundians · Germany
1373
-20
🇮🇱 Ethiopians · Israel
1068
-9
uselessplayer
6:45 Loom
9:21 Feudal Age
10:05 Double-Bit Axe
13:22 Padded Archer Armor
15:24 Fletching
16:20 Scale Barding Armor
17:21 Horse Collar
18:48 Town Watch
21:14 Wheelbarrow
24:45 Castle Age
23:32 Bloodlines
24:06 Forging
23:52 Gold Mining
24:47 Elite Skirmisher
25:23 Bodkin Arrow
26:57 Bow Saw
26:48 Heavy Plow
27:26 Stone Mining
28:18 Leather Archer Armor
29:53 Ballistics
34:36 Husbandry
35:27 Forging
46:08 Imperial Age
44:58 Hand Cart
45:43 Gold Shaft Mining
46:28 Chain Barding Armor
46:43 Iron Casting
47:15 Conscription
47:15 Bracer
46:45 Elite Mameluke
49:21 Plate Barding Armor
51:05 Chemistry
50:42 Ring Archer Armor
52:21 Blast Furnace
50:43 Light Cavalry
52:17 Hussar
53:58 Squires
53:43 Arson
55:33 Two-Man Saw
54:45 Masonry
59:55 Coinage
59:42 Capped Ram
62:40 Counterweights
64:46 Banking
72:16 Siege Ram
73:44 Caravan
Belgistanis
9:32 Feudal Age
7:48 Loom
10:12 Double-Bit Axe
11:03 Horse Collar
19:24 Castle Age
17:38 Gold Mining
18:41 Bloodlines
19:27 Scale Barding Armor
20:06 Wheelbarrow
20:44 Bow Saw
21:37 Husbandry
22:28 Town Watch
23:31 Heavy Plow
25:00 Forging
26:45 Chain Barding Armor
27:18 Hand Cart
29:25 Stone Mining
36:08 Imperial Age
34:58 Ballistics
35:47 Fletching
37:11 Conscription
37:30 Plate Barding Armor
37:31 Iron Casting
36:23 Heavy Camel Rider
37:55 Elite Camel Archer
40:00 Maghrebi Camels
41:19 Blast Furnace
40:44 Masonry
41:47 Kasbah
42:11 Bodkin Arrow
43:37 Hoardings
45:19 Siege Engineers
46:15 Chemistry
45:53 Bracer
54:41 Caravan
54:48 Padded Archer Armor
58:53 Leather Archer Armor
59:33 Elite Genitour
60:19 Thumb Ring
61:17 Ring Archer Armor
63:46 Town Patrol
67:30 Murder Holes
Pyro101
6:05 Double-Bit Axe
7:13 Horse Collar
7:44 Loom
10:44 Feudal Age
13:33 Bow Saw
14:49 Heavy Plow
16:47 Scale Barding Armor
21:56 Castle Age
20:47 Forging
21:58 Cavalier
24:02 Husbandry
25:27 Wheelbarrow
27:39 Iron Casting
27:25 Chain Barding Armor
29:28 Hand Cart
34:00 Town Watch
34:48 Scale Mail Armor
34:49 Gold Mining
34:52 Stone Mining
38:14 Crop Rotation
38:46 Two-Man Saw
38:16 Fletching
41:29 Imperial Age
39:29 Burgundian Vineyards
40:01 Masonry
39:48 Murder Holes
41:36 Paladin
42:52 Plate Barding Armor
43:18 Blast Furnace
44:08 Conscription
45:55 Chemistry
45:26 Architecture
45:16 Ballistics
45:48 Hoardings
46:50 Gold Shaft Mining
46:53 Stone Shaft Mining
46:22 Treadmill Crane
47:28 Bodkin Arrow
47:09 Light Cavalry
47:53 Hussar
50:33 Elite Coustillier
51:33 Caravan
54:34 Bombard Tower
56:04 Bracer
58:11 Arrowslits
67:34 Padded Archer Armor
67:49 Chain Mail Armor
zvenick
9:20 Feudal Age
7:37 Loom
11:59 Double-Bit Axe
16:05 Gold Mining
24:17 Castle Age
22:26 Padded Archer Armor
22:20 Fletching
23:27 Padded Archer Armor
25:23 Bow Saw
25:34 Bodkin Arrow
25:54 Leather Archer Armor
25:27 Crossbowman
26:56 Ballistics
28:29 Thumb Ring
43:53 Imperial Age
47:19 Arbalester
50:44 Wheelbarrow
50:21 Bracer
53:37 Caravan
55:02 Ring Archer Armor
54:52 Scale Barding Armor
54:57 Forging
55:55 Chemistry
57:44 Light Cavalry
58:24 Husbandry
58:50 Chain Barding Armor
59:06 Iron Casting
64:32 Halberdier
65:13 Squires
64:59 Arson
65:33 Murder Holes
69:55 Scale Mail Armor
Connection lost

Rejoining the realm…

Still unreachable

The connection could not be restored.

Session expired

The server has moved on; the page needs a fresh start.